 Dungeon Crawl Stone Soup version 0.30-a0-1085-g990a428a5c (webtiles) character file.

Game seed: 4839461731505154183

278 mandoloar the Trooper (level 6, -24/58 HPs)
             Began as a Hill Orc Fighter on Apr 17, 2023.
             Annihilated by an ogre
             ... wielding a +0 giant spiked club
              (32 damage)
             ... on level 4 of the Dungeon.
             The game lasted 00:08:12 (3075 turns).

mandoloar the Trooper (Hill Orc Fighter)            Turns: 3075, Time: 00:08:12

Health: -24/58     AC: 10    Str: 21    XL:     6   Next: 26%
Magic:  6/6        EV:  7    Int:  8    God:
Gold:   219        SH:  4    Dex: 10    Spells: 5/5 levels left

rFire   . . .      SeeInvis .    a - +0 war axe
rCold   . . .      Faith    .    c - +0 buckler
rNeg    . . .      Spirit   .    q - +0 chain mail
rPois   .          Reflect  .    o - +0 helmet
rElec   .          Rampage  .    (no cloak)
rCorr   .                        (no gloves)
Will    .....                    (no boots) Stlth
                                 (no amulet)
HPRegen 0.29/turn                (no ring)
MPRegen 0.10/turn                (no ring)

@: no status effects
A: no striking features
a: no special abilities


You were on level 4 of the Dungeon.
You visited 1 branch of the dungeon, and saw 4 of its levels.

You collected 219 gold pieces.

Inventory:

Hand Weapons
 a - a +0 war axe (weapon)
Missiles
 g - a poisoned dart (quivered)
Armour
 c - a +0 buckler (worn)
 o - a +0 helmet (worn)
 q - a +0 chain mail (worn)
Scrolls
 h - 3 scrolls of identify {unknown}
 i - a scroll of blinking {unknown}
 k - a scroll of enchant weapon {unknown}
 n - a scroll of enchant armour {unknown}
Potions
 d - 2 potions of might
 e - 2 potions of curing {unknown}
 f - a potion of haste {unknown}
 j - a potion of cancellation {unknown}
 m - a potion of berserk rage {unknown}
 p - a potion of resistance {unknown}


   Skills:
 + Level 6.3 Fighting
 + Level 6.2 Axes
 - Level 3.2 Armour
 - Level 3.2 Shields


You had 5 spell levels left.
You didn't know any spells.
Your spell library contained the following spells:

 Spells                   Type           Power      Damage    Failure   Level
 Freeze                   Ice            0%         1d3       99%         1
 Sting                    Tmut/Pois      0%         1d3       99%         1
 Ensorcelled Hibernation  Hex/Ice        0%         N/A       99%         2
 Passwall                 Tmut/Erth      0%         N/A       99%         2
 Poisonous Vapours        Pois/Air       0%         N/A       99%         2
 Frozen Ramparts          Ice            0%         1d1       100%        3
 Hailstorm                Conj/Ice       0%         3d3       100%        3
 Swiftness                Air            0%         N/A       100%        3
 Olgreb's Toxic Radiance  Pois           0%         N/A       100%        4


Dungeon Overview and Level Annotations

Branches:
Dungeon (4/15)
 Temple: D:4-7

Altars:
Hepliaklqana
Xom

Shops:
D:2 *


Message History

You throw an atropa-tipped dart. The atropa-tipped dart hits the ogre.
The ogre appears confused.
You throw an atropa-tipped dart. The atropa-tipped dart hits the ogre.
The ogre resists.
The ogre seems less confused.
No target in view!
You throw a poisoned dart. The poisoned dart hits the ogre.
You see here a poisoned dart.
You hit the ogre.
The ogre is moderately wounded.
The ogre closely misses you.
You hit the ogre.
The ogre is moderately wounded.
The ogre closely misses you.
You hit the ogre but do no damage.
The ogre is moderately wounded.
The ogre hits you with a +0 giant spiked club.
You hit the ogre but do no damage.
The ogre is moderately wounded.
The ogre barely misses you.
You completely miss the ogre.
The ogre is moderately wounded.
The ogre hits you with a +0 giant spiked club!!
You hit the ogre.
The ogre is heavily wounded.
You barely miss the ogre.
The ogre is heavily wounded.
The ogre hits you with a +0 giant spiked club!!
* * * LOW HITPOINT WARNING * * *
You are too injured to fight recklessly!
You hit the ogre.
The ogre is heavily wounded.
The ogre barely misses you.
You closely miss the ogre.
The ogre is heavily wounded.
The ogre barely misses you.
You closely miss the ogre.
The ogre is heavily wounded.
The ogre hits you with a +0 giant spiked club!!
Ouch! That really hurt!
You die...

##...................
.......................
. ...##......#........
# . #.#.......†.<#
##.#.#......†.....#
.....##........##.....
...$..........###..##
##...........# ..#
#..@....##.## ...#
#.O..##.....# .....
..(.(...............#
.......#...#......
..(...##...#......
...(.. ...........
...... ....#......
...... #..###


You could see an ogre.

Vanquished Creatures
  2 scorpions
  An orc priest (D:3)
  Robin (D:2)
  3 adders
  4 dart slugs
  2 orcs (D:3)
  7 ball pythons
  7 endoplasms
  4 giant cockroaches (D:1)
  12 goblins
  5 hobgoblins
  4 jackals (D:1)
  4 quokkas
  5 bats
  7 frilled lizards
  A kobold (D:1)
  3 rats
72 creatures vanquished.

Notes
Turn   | Place    | Note
-------+----------+-------------------------------------------
     0 | D:1      | mandoloar the Hill Orc Fighter began the quest for the Orb.
     0 | D:1      | Reached XP level 1. HP: 19/19 MP: 1/1
    64 | D:1      | Reached XP level 2. HP: 21/27 MP: 2/2
   159 | D:1      | Reached XP level 3. HP: 34/34 MP: 3/3
   807 | D:2      | Found Kiocaav's General Store.
   815 | D:2      | You fall into a shaft and drop 1 floor!
   836 | D:3      | Noticed a scorpion
   843 | D:3      | Killed a scorpion
   844 | D:3      | Reached skill level 5 in Fighting
   844 | D:3      | Reached XP level 4. HP: 42/42 MP: 4/4
  1162 | D:2      | Reached skill level 5 in Axes
  1162 | D:2      | Reached XP level 5. HP: 40/48 MP: 5/5
  1306 | D:2      | Noticed Robin
  1311 | D:2      | Killed Robin
  1401 | D:2      | Found a faded altar of an unknown god.
  1954 | D:3      | Found a shimmering altar of Xom.
  2809 | D:3      | Found a hazy altar of Hepliaklqana.
  3048 | D:4      | Reached XP level 6. HP: 58/58 MP: 6/6
  3075 | D:4      | Annihilated by an ogre

Illustrated notes

Levels and vault maps discovered:
D:1:      nzn_arrival_crosshair, layout_basic
D:2:      layout_basic, ebering_ecumenical_altar_rust, serial_shops, shop,
          wander_ebering_terrifying_dragon_lair, uniq_robin
D:3:      layout_loops_corners, worldfamousw_hep_ancestral_shrine,
          overflow_temple_1_default, chequers_serial_rivers_room_a
D:4:      layout_cave_pools, grunt_temple_overflow_magic_moments,
          kennysheep_generic_room_13, uniq_ijyb

Skill      XL: |  1  2  3  4  5 |
---------------+----------------+-----
Axes           | 3 4 5 6 |  6.2
Fighting       | 4 5 6 |  6.3
Armour         | |  3.2
Shields        | |  3.2

Action                     |  1- 3 |  4- 6 || total
---------------------------+-------+-------++-------
  Melee: War axe           |    77 |   118 ||   195
  Throw: Dart              |       |    11 ||    11
 Armour: Scale mail        |    41 |    49 ||    90
         Chain mail        |       |     2 ||     2
  Dodge: Dodged            |    37 |    44 ||    81
  Block: Buckler           |    17 |    22 ||    39

Table legend: (Time is in decaauts)
 A = Elapsed time spent in this place.
 B = Non-inter-level travel time spent in this place.
 C = Inter-level travel time spent in this place.
 D = Time resting spent in this place.
 E = Time spent auto-exploring this place.
 F = Levels seen in this place.
 G = Mean time per level.
                   A        B        C        D        E       F      G
               +--------+--------+--------+--------+--------+-----+--------+
         Total |   3136 |   2789 |    347 |    134 |   2100 |   4 |  784.0 |
       Dungeon |   3136 |   2789 |    347 |    134 |   2100 |   4 |  784.0 |
               +--------+--------+--------+--------+--------+-----+--------+

Top non-repeatable levels by time:
     D:2: 1262 daAuts
     D:3: 994 daAuts
     D:1: 831 daAuts
     D:4: 47 daAuts
